Workbook
Name Ersatzspalten: 'Especif. precios | prestación'!$I$3:$L$3
Name Erstattungsart: Listas!$B$4:$B$7
Name lSFK: 'Lista de expertos(as) clave'!$B$11:$B$28
Name rZeilen: 'Especif. precios | prestación'!$N$13:$N$19
Name VENr: 'Especif. precios | prestación'!#REF!
Name VEspalten: 'Especif. precios | prestación'!#REF!

Sheet Especif. precios | prestación
A1: Especificación de precios: prestación
A2: CONFIDENTIAL
A3: N.º de Licitación: | B3: 10057559 | C3: Fecha:
A5: N.º de proyecto / n.º de unidad de costos: | B5: G-012319-001 / 12319020000 | C5: Contratista:
C7: Dirección:
A9: 1. Precios fijos (No aplica)
A11: Partida | B11: Descripción | D11: Cantidad | E11: Retribución | F11: Total | G11: Explicaciones
A12: Suma total | F12: =D12*E12 -> 0
A13: Hito 1 | F13: =D13*E13 -> 0
A14: Hito 2 | F14: =D14*E14 -> 0
A15: Hito 3 | F15: =D15*E15 -> 0
A16: Hito 4 | F16: =D16*E16 -> 0
A17: Hito 5 | F17: =D17*E17 -> 0
A18: Hito 6 | F18: =D18*E18 -> 0
A19: Hito 7 | F19: =D19*E19 -> 0
A21: Subtotal | F21: =SUM(F12:F20) -> 0
A23: 2. Honorarios y otros costos condicionados por el contrato
A25: 2.1 Partida de honorarios | B25: Nombre | C25: Tipo de reembolso | D25: Cantidad días de experto/a | E25: Retribución | F25: Total | G25: Explicaciones
A26: Jefe/a de equipo | B26: =IFERROR(VLOOKUP(A26,'Lista de expertos(as) clave'!$B$11:$D$28,3,0)&" "&VLOOKUP(A26,'Lista de expertos(as) clave'!$B$11:$D$28,2,0),"N.N.") | C26: Monto global / cantidad | D26: 30 | F26: =D26*E26 -> 0
A27: Contingente expertos/as 1 | B27: =IFERROR(VLOOKUP(A27,'Lista de expertos(as) clave'!$B$11:$D$28,3,0)&" "&VLOOKUP(A27,'Lista de expertos(as) clave'!$B$11:$D$28,2,0),"N.N.") | C27: Monto global / cantidad | D27: 200 | F27: =D27*E27 -> 0
A28: Contingente expertos/as 2 | B28: =IFERROR(VLOOKUP(A28,'Lista de expertos(as) clave'!$B$11:$D$28,3,0)&" "&VLOOKUP(A28,'Lista de expertos(as) clave'!$B$11:$D$28,2,0),"N.N.") | C28: Monto global / cantidad | D28: 70 | F28: =D28*E28 -> 0
A30: Subtotal | F30: =SUM(F26:F29) -> 0
A34: 3. Gastos de viaje (no aplica)
A36: 4. Otros costos
A38: Partida | C38: Clave de liquidación | D38: Cantidad | E38: Presupuesto / precio | F38: Total | G38: Explicaciones
A39: Otros costos: Adquisición de normas internacionales | C39: Contra justificante | D39: 1 | E39: 325000 | F39: =D39*E39 -> 325000 | G39: Presupuesto disponible y precalculado por el proyecto
A41: Subtotal | F41: =SUM(F39:F40) -> 325000
A43: 5. Costos totales
A45: Suma total (antes de impuestos) | F45: =F41+F30 -> 325000

Sheet Lista de expertos(as) clave
B2: Lista de expertos y expertas clave
B3: * Solo expertos y expertas para quienes es necesario un complemento al contrato
B4: ** Si cambia el experto o la experta clave, introduzca en las explicaciones la fecha de finalización de la asignación y el inicio de la asignación del nuevo experto o de la nueva experta clave.
B5: CONFIDENTIAL
B6: N.° de contrato: | C6: ='Especif. precios | prestación'!B3 -> 10057559 | E6: Fecha: | F6: ='Especif. precios | prestación'!D3 -> 0
B8: N.° de proyecto: | C8: ='Especif. precios | prestación'!B5 -> G-012319-001 / 12319020000
B10: Denominación en la especificación de precios | C10: Apellido(s) | D10: Nombre | E10: Fecha de nacimiento | F10: Lugar de residencia | G10: Explicación de los complementos al contrato
B11: Jefe/a de equipo
B12: Contingente expertos/as 1
B13: Contingente expertos/as 2

Sheet Listas
B3: Tipo de reembolso
B4: Seleccione
B5: Monto global / cantidad
B6: Contra justificante
B7: No procede
